 Dungeon Crawl Stone Soup version 0.25-a0-1073-gf4359a17dd (webtiles) character file.

Game seed: 378634886558797121, levelgen mode: deterministic

651 tilp the Vexing (level 7, -5/43 HPs)
             Began as a Kobold Arcane Marksman on May 14, 2020.
             Slain by an ogre
             ... wielding a +0 giant spiked club
              (33 damage)
             ... on level 4 of the Dungeon.
             The game lasted 00:15:16 (5274 turns).

tilp the Vexing (Kobold Arcane Marksman)            Turns: 5274, Time: 00:15:16

Health: -5/43      AC:  6    Str: 10    XL:     7   Next: 83%
Magic:  3/10       EV: 14    Int: 14    God:
Gold:   151        SH:  0    Dex: 15    Spells: 4/10 levels left

rFire    . . .     SeeInvis .   b - +2 hand axe (freeze)
rCold    . . .     Gourm    .   (shield restricted)
rNeg     . . .     Faith    .   u - +0 leather armour
rPois    .         Spirit   .   (no helmet)
rElec    .         Reflect  .   (no cloak)
rCorr    .         Harm     .   l - +1 pair of gloves
MR       .....                  z - +0 pair of boots
Stlth    +.........             (no amulet)
HPRegen  0.14/turn              (no ring)
MPRegen  0.12/turn              (no ring)

@: very slightly contaminated
A: small, carnivore
a: no special abilities


You were on level 4 of the Dungeon.
You were completely stuffed.

You visited 2 branches of the dungeon, and saw 5 of its levels.

You collected 151 gold pieces.

Inventory:

Hand Weapons
 a - a +1 hand crossbow
 b - a +2 hand axe of freezing (weapon)
 y - a +0 morningstar
Missiles
 d - 34 bolts
 o - 7 poisoned darts (quivered)
 B - 2 datura-tipped darts
Armour
 l - a +1 pair of gloves (worn)
 u - a +0 leather armour (worn)
 z - a +0 pair of boots (worn)
Jewellery
 n - an uncursed ring of protection from fire {unknown}
 A - an uncursed ring of stealth {unknown}
Wands
 r - a wand of random effects (14)
Scrolls
 e - a scroll of random uselessness {unknown}
 f - a scroll of enchant armour {unknown}
 g - 2 scrolls of enchant weapon
 k - a scroll of fear {unknown}
 m - a scroll of amnesia
 q - a scroll of immolation
 w - a scroll of teleportation
Potions
 h - 2 potions of might
 i - 3 potions of curing
 j - a potion of magic
 p - 2 potions of stabbing
 s - a potion of brilliance
 v - a potion of degeneration {unknown}
 x - 2 potions of heal wounds {unknown}
Comestibles
 c - 3 rations
 t - 3 chunks of flesh


   Skills:
 - Level 4.0 Fighting
 + Level 5.8 Crossbows
 - Level 2.4 Dodging
 - Level 2.0 Spellcasting
 - Level 6.0 Hexes


You had 4 spell levels left.
You knew the following spells:

 Your Spells              Type           Power        Failure   Level  Hunger
a - Corona                Hex            ###....      2%          1    ##.....
b - Slow                  Hex            ###.....     4%          2    ###....
c - Portal Projectile     Hex/Tloc       #.....       28%         3    ####...

Your spell library contained the following spells:

 Spells                   Type           Power        Failure   Level  Hunger
 Cause Fear               Hex            ###.......   26%         4    #####..
 Inner Flame              Hex/Fire       #.......     28%         3    ####...
 Leda's Liquefaction      Hex/Erth       #.........   67%         4    #####..


Dungeon Overview and Level Annotations

Branches:
Dungeon (4/15)             Temple (1/1) D:4

Altars:
Ashenzari
Dithmenos
Elyvilon
Hepliaklqana
Kikubaaqudgha
Makhleb
Nemelex Xobeh
Qazlal
Ru
Sif Muna
Trog
Uskayaw
Vehumet
Xom
Yredelemnul
Zin

Annotations:
D:3 Ijyb, Sigmund
D:4 Robin


Innate Abilities, Weirdness & Mutations

You are small and have problems with some larger weapons.
You are carnivorous and can eat meat at any time.


Message History

Aim: an ogre, wielding a +0 giant spiked club (heavily wounded)
You throw a poisoned dart. The poisoned dart hits the ogre.
The ogre is heavily wounded.
The ogre barely misses you.
You hit the ogre but do no damage.
The ogre is heavily wounded.
You hit the ogre. You freeze the ogre.
The ogre is heavily wounded.
The ogre completely misses you.
You hit the ogre. You freeze the ogre.
The ogre is heavily wounded.
The ogre misses you.
Throwing (i - inventory. (/) - cycle)
o - 8 poisoned darts (quivered)
Press: ? - help, Shift-Dir - straight line, f/p - ogre
Aim: an ogre, wielding a +0 giant spiked club (heavily wounded)
You throw a poisoned dart.
The poisoned dart barely misses the ogre.
The ogre hits you with a +0 giant spiked club!!
Ouch! That really hurt!
You die...

###############
#.......##....#
#.......##....##########
#............[.........#
#......................#
#......................#
#.......................
#....÷.................#
#..........@...........#
#..........O...........#
#..........(...........#
................÷.......+
############..##.........#
....## #..##.÷.#######
......#####...§≈≈..#
............(≈≈§≈≈.#
............≈≈§≈§§≈######


You could see an ogre.

Vanquished Creatures
  A phantom (D:4)
  An ogre (D:4)
  A bullfrog skeleton (D:4)
  An orc priest (D:3)
  Jessica (D:2)
  Terence (D:2)
  Natasha (thrice) (D:2)
  4 orc wizards
  9 adders
  2 oozes
  2 worms
  2 dart slugs
  4 leopard geckos
  9 orcs
  2 giant cockroaches
  11 goblins
  16 hobgoblins
  8 jackals
  4 quokkas
  8 bats
  3 frilled lizards
  5 kobolds
  4 rats
102 creatures vanquished.

Notes
Turn   | Place    | Note
-------+----------+-------------------------------------------
     0 | D:1      | tilp the Kobold Arcane Marksman began the quest for the
                  | Orb.
     0 | D:1      | Reached XP level 1. HP: 12/12 MP: 2/2
   137 | D:1      | Reached XP level 2. HP: 10/17 MP: 0/3
   270 | D:1      | Learned a level 2 spell: Slow
   629 | D:1      | Reached XP level 3. HP: 18/23 MP: 4/4
   964 | D:2      | Found a glowing silver altar of Zin.
   964 | D:2      | Noticed an angel
   964 | D:2      | Noticed Jessica
   967 | D:2      | Killed Jessica
   967 | D:2      | Reached XP level 4. HP: 25/29 MP: 5/5
  1055 | D:2      | Found a shimmering altar of Xom.
  1082 | D:2      | Noticed Terence
  1317 | D:2      | Found a hazy altar of Hepliaklqana.
  1578 | D:2      | Reached XP level 5. HP: 33/33 MP: 6/8
  1924 | D:2      | Noticed Natasha
  1931 | D:2      | Killed Natasha
  2250 | D:2      | Noticed Natasha
  2255 | D:2      | Killed Natasha
  2255 | D:2      | Reached skill level 4 in Hexes
  2548 | D:1      | Learned a level 3 spell: Portal Projectile
  2564 | D:2      | Noticed Natasha
  2575 | D:2      | Killed Natasha
  2589 | D:3      | Noticed Sigmund
  2660 | D:3      | Reached XP level 6. HP: 29/38 MP: 9/9
  3017 | D:3      | Reached skill level 5 in Hexes
  3953 | D:3      | Noticed Ijyb
  4030 | D:2      | Killed Terence
  4030 | D:2      | Reached skill level 6 in Hexes
  4030 | D:2      | Reached XP level 7. HP: 31/43 MP: 4/10
  4409 | D:4      | Noticed Robin
  4631 | D:4      | Found a staircase to the Ecumenical Temple.
  4648 | Temple   | Entered the Ecumenical Temple
  5034 | D:4      | Reached skill level 5 in Crossbows
  5274 | D:4      | Slain by an ogre

Illustrated notes

Levels and vault maps discovered:
D:1:      saegor_arrival_simple_a, layout_rooms
D:2:      layout_basic, grunt_temple_overflow_order_and_chaos_1,
          nicolae_overflow_crystal_walls, uniq_jessica, uniq_natasha,
          uniq_terence
D:3:      layout_basic, uniq_ijyb, uniq_sigmund
D:4:      layout_basic, minmay_temple_entry_mist, minmay_bent, uniq_robin
Temple:   cyrus_circular_temple

Skill      XL: |  1  2  3  4  5  6  7 |
---------------+----------------------+-----
Fighting       | 2 3 4 |  4.0
Spellcasting   | 2 |  2.0
Hexes          | 4 6 |  6.0
Crossbows      | 5 |  5.8
Dodging        | |  2.4

Action                   |  1- 3 |  4- 6 |  7- 9 || total
-------------------------+-------+-------+-------++-------
Melee: Short sword       |    23 |       |       ||    23
       Hand axe          |    30 |   133 |    53 ||   216
 Fire: Hand crossbow     |     8 |    38 |    24 ||    70
Throw: Dart              |       |     4 |     4 ||     8
 Cast: Corona            |    13 |     7 |     1 ||    21
       Slow              |       |     7 |     4 ||    11
  Use: Scroll            |       |     6 |     2 ||     8
  Eat: Chunk             |     9 |    10 |     5 ||    24
Armor: Robe              |    10 |    15 |       ||    25
       Leather armour    |       |    27 |    33 ||    60
Dodge: Dodged            |    50 |   121 |    66 ||   237

Table legend:
 A = Non-vault XP
 B = Vault XP
 C = Vault XP percentage of total XP
 D = Non-vault monster count
 E = Vault monster count
 F = Vault count percentage of total count
                 A         B        C        D         E       F
            +---------+---------+-------+---------+---------+-------
      Total |     805 |     125 |  13.4 |      90 |      12 |  11.8
            +---------+---------+-------+---------+---------+-------
        D:1 |      38 |       0 |   0.0 |      21 |       0 |   0.0
        D:2 |     147 |     108 |  42.4 |      21 |       3 |  12.5
        D:3 |     254 |       9 |   3.4 |      35 |       5 |  12.5
        D:4 |     366 |       8 |   2.1 |      13 |       4 |  23.5
            +---------+---------+-------+---------+---------+-------
